Map: Goldenaura LE

Players

DnS

  • Race: Protoss Protoss
  • Spawn Location: 5:00

Stats - Winner!

  • Race: Protoss Protoss
  • League: Master
  • Spawn Location: 12:00

Event: Bellum Gens Elite Stara Zagora 2024

VOD

Have the link to the VOD?

Description

Time

  • Played on: Sept. 6, 2024, 12:29 p.m.
  • Length: 13:08

All games in this series

Show
View Real Time Build Order
Export as new Build Order

DnS Protoss 

Build Orders:  

Get SALT Encoding   

  12  0:00  Probe  
  13  0:12  Probe  
  14  0:16  Pylon  
  14  0:24  Probe (Chrono Boost)  
  15  0:36  Probe (Chrono Boost)  
  15  0:37  Gateway  
  16  0:44  Probe (Chrono Boost)  
  16  0:46  Assimilator  
  17  0:51  Probe  
  17  0:54  Assimilator  
  18  1:03  Probe (Chrono Boost)  
  19  1:08  Gateway  
  20  1:12  Probe (Chrono Boost)  
  20  1:17  Probe (Chrono Boost)  
  20  1:25  Cybernetics Core  
  21  1:29  Probe  
  22  1:36  Pylon  
  22  1:41  Probe  
  23  1:54  Probe  
  24  2:01  Stalker  
  24  2:03  Warp Gate  
  24  2:07  Sentry  
  28  2:12  Pylon  
  28  2:22  Probe  
  29  2:31  Sentry  
  31  2:37  Sentry  
  33  2:45  Nexus  
  33  2:48  Probe  
  34  3:00  Stalker  
  34  3:01  Probe  
  37  3:11  Shield Battery  
  38  3:20  Twilight Council  
  38  3:23  Pylon  
  38  3:29  Robotics Facility  
  37  3:45  Pylon  
  37  3:50  Stalker x2  
  42  4:06  Shield Battery  
  42  4:07  Shield Battery  
  41  4:13  Immortal (Chrono Boost)  
  43  4:19  Stalker  
  45  4:27  Stalker  
  41  4:39  Shield Battery  
  41  4:48  Immortal (Chrono Boost)  
  41  4:51  Probe x2  
  47  4:57  Stalker, Sentry  
  51  5:09  Pylon  
  51  5:14  Probe x2  
  53  5:19  Warp Prism (Chrono Boost)  
  53  5:27  Probe (Chrono Boost)  
  57  5:32  Probe (Chrono Boost)  
  58  5:36  Probe (Chrono Boost)  
  58  5:40  Probe (Chrono Boost)  
  58  5:41  Probe (Chrono Boost)  
  56  5:51  Probe  
  56  5:53  Probe  
  57  6:05  Probe (Chrono Boost)  
  57  6:06  Probe (Chrono Boost)  
  58  6:17  Probe (Chrono Boost)  
  60  6:19  Probe (Chrono Boost)  
  60  6:20  Immortal  
  60  6:21  Probe (Chrono Boost)  
  60  6:23  Stalker x2  
  68  6:27  Probe  
  68  6:32  Probe  
  68  6:36  Pylon  
  68  6:39  Probe  
  69  6:44  Twilight Council, Probe  
  69  6:46  Pylon  
  70  6:54  Probe  
  71  6:56  Probe  
  71  7:00  Nexus  
  72  7:03  Observer  
  72  7:06  Probe  
  74  7:10  Blink (Chrono Boost)  
  74  7:19  Stalker x2  
  74  7:22  Pylon  
  78  7:24  Probe x2  
  78  7:25  Assimilator  
  80  7:36  Probe x2  
  82  7:39  Gateway x2  
  79  7:53  Observer  
  79  7:55  Probe x2  
  79  7:58  Shield Battery  
  81  8:02  Forge  
  81  8:04  Immortal (Chrono Boost)  
  81  8:06  Gateway  
  81  8:07  Gateway  
  81  8:10  Shield Battery  
  85  8:19  Stalker, Sentry  
  89  8:23  Pylon  
  89  8:28  Probe x3  
  92  8:34  Stalker x2  
  96  8:43  Stalker x2  
  96  8:45  Pylon  
  96  8:56  Probe x2 (Chrono Boost)  
  96  8:57  Probe (Chrono Boost)  
  96  8:59  Stalker x2  
  101  9:08  Probe x2 (Chrono Boost)  
  101  9:09  Observer  
  104  9:12  Forge  
  104  9:14  Probe (Chrono Boost)  
  104  9:16  Probe x2 (Chrono Boost)  
  106  9:20  Probe (Chrono Boost)  
  106  9:22  Probe x2  
  106  9:23  Stalker, Sentry  
  113  9:30  Observer  
  114  9:32  Probe  
  114  9:34  Probe x2  
  114  9:37  Protoss Ground Weapons Level 1 (Chrono Boost)  
  117  9:44  Probe  
  118  9:46  Probe  
  118  9:50  Nexus  
  119  9:53  Adept  
  119  9:54  Stalker, Adept  
  119  9:59  Pylon x2  
  125  10:04  Probe  
  125  10:05  Probe  
  120  10:19  Probe x2  
  120  10:20  Stalker x2  
  120  10:21  Stalker x3  
  120  10:23  Zealot  
  120  10:25  Probe  
  120  10:28  Pylon  
  129  10:31  Probe  
  117  10:49  Charge (Chrono Boost)  
  117  10:51  Zealot x6  
  121  11:04  Gateway  
  121  11:05  Gateway, Templar Archives  
  121  11:07  Gateway  
  121  11:16  Shield Battery  
  119  11:21  Shield Battery  
  119  11:22  Zealot x3  
  119  11:23  Zealot x3  
  131  11:30  Probe  
  131  11:31  Probe  
  118  11:43  Zealot  
  118  11:45  Zealot x6  
  124  11:55  Pylon  
  124  11:57  Pylon  
  123  12:08  High Templar x2  
  124  12:09  Zealot x7  
  124  12:14  Archon  
  124  12:15  Pylon  
  138  12:19  Pylon  
  131  12:33  Zealot x5  
  131  12:34  Zealot x2  
  115  12:43  Zealot x2  
  87  12:54  Zealot x6  
  87  12:55  Zealot  
Show
View Real Time Build Order
Export as new Build Order

Stats Protoss - Winner!

Build Orders: Archon Immortal 

Get SALT Encoding   

  12  0:00  Probe  
  13  0:12  Probe  
  14  0:17  Pylon  
  14  0:24  Probe (Chrono Boost)  
  15  0:36  Probe (Chrono Boost)  
  15  0:37  Gateway  
  16  0:44  Probe (Chrono Boost)  
  16  0:46  Assimilator  
  17  0:51  Probe  
  17  0:55  Assimilator  
  18  1:03  Probe (Chrono Boost)  
  19  1:08  Gateway  
  19  1:14  Probe (Chrono Boost)  
  20  1:18  Probe (Chrono Boost)  
  21  1:25  Cybernetics Core  
  21  1:29  Probe  
  22  1:35  Pylon  
  22  1:41  Probe  
  23  1:53  Probe  
  24  1:59  Warp Gate (Chrono Boost)  
  24  2:01  Stalker  
  24  2:02  Stalker  
  28  2:11  Pylon  
  28  2:31  Stalker  
  28  2:32  Stalker  
  28  2:36  Robotics Facility  
  32  2:47  Gateway  
  32  2:51  Pylon  
  32  3:02  Stalker  
  34  3:05  Stalker  
  36  3:20  Warp Prism (Chrono Boost)  
  38  3:34  Stargate  
  38  3:51  Stalker x2  
  42  4:07  Pylon  
  42  4:23  Oracle (Chrono Boost)  
  45  4:31  Nexus  
  39  4:56  Oracle (Chrono Boost)  
  39  4:58  Stalker x2  
  46  5:02  Probe  
  47  5:15  Shield Battery  
  47  5:16  Probe  
  48  5:26  Immortal (Chrono Boost)  
  52  5:30  Probe  
  53  5:42  Probe  
  54  5:55  Probe (Chrono Boost)  
  56  6:01  Probe (Chrono Boost)  
  56  6:03  Immortal (Chrono Boost)  
  61  6:05  Sentry, Probe (Chrono Boost)  
  61  6:08  Probe (Chrono Boost), Pylon  
  61  6:09  Sentry  
  66  6:12  Probe  
  67  6:19  Probe  
  68  6:25  Phoenix  
  68  6:26  Probe  
  68  6:31  Probe  
  72  6:38  Pylon  
  72  6:39  Pylon  
  72  6:44  Immortal  
  76  6:47  Probe x2  
  78  6:55  Pylon  
  78  6:56  Assimilator  
  78  6:59  Assimilator, Probe x2  
  80  7:04  Adept  
  80  7:05  Adept  
  84  7:12  Adept  
  81  7:17  Probe x2 (Chrono Boost)  
  81  7:27  Probe x2 (Chrono Boost)  
  81  7:28  Immortal  
  87  7:32  Probe x2 (Chrono Boost)  
  83  7:53  Probe x2  
  83  7:56  Twilight Council  
  83  7:57  Forge  
  85  8:06  Nexus, Probe x2  
  87  8:14  Immortal  
  87  8:18  Pylon  
  91  8:21  Probe x2  
  91  8:24  Protoss Ground Weapons Level 1 (Chrono Boost)  
  93  8:33  Probe x2  
  95  8:36  Gateway  
  95  8:45  Probe x2  
  95  8:46  Shield Battery  
  97  8:48  Pylon  
  97  8:59  Probe  
  97  9:00  Probe  
  97  9:02  Charge  
  99  9:08  Immortal  
  103  9:11  Probe  
  103  9:12  Probe  
  103  9:14  Assimilator, Templar Archives  
  103  9:15  Assimilator  
  105  9:18  Probe  
  105  9:24  Gateway, Probe x2  
  107  9:30  Gateway  
  108  9:33  Gateway  
  108  9:38  Probe x3  
  111  9:40  Shield Battery  
  111  9:44  Gateway  
  111  9:46  Pylon  
  111  9:47  Observer  
  112  9:55  High Templar x4  
  112  9:59  Archon x2  
  120  10:14  Protoss Ground Weapons Level 2 (Chrono Boost)  
  112  10:23  Gateway  
  112  10:25  Gateway, Pylon  
  112  10:26  Pylon  
  112  10:27  High Templar  
  112  10:28  Zealot x3, High Templar x3  
  122  10:30  Photon Cannon  
  122  10:32  Archon x2, Pylon  
  124  10:40  Warp Prism (Chrono Boost)  
  124  10:41  Zealot  
  120  10:58  Zealot x3  
  120  11:02  High Templar x3  
  120  11:03  Zealot, High Templar  
  136  11:05  Immortal  
  136  11:07  Archon  
  136  11:08  Archon  
  136  11:15  Nexus  
  140  11:25  Pylon  
  136  11:35  Zealot x4, High Templar x3  
  136  11:36  Zealot x2  
  136  11:37  Zealot  
  148  11:40  Archon  
  148  11:46  Probe x3  
  151  11:53  Observer  
  151  11:56  High Templar  
  151  11:58  Probe x3  
  151  11:59  Robotics Bay  
  151  12:01  Robotics Facility  
  156  12:02  Archon  
  156  12:08  Zealot x4  
  160  12:09  Zealot x2  
  160  12:14  Probe x2  
  170  12:17  Probe  
  151  12:37  Zealot x7  
  155  12:51  Zealot x3  
  151  12:58  Zealot x7  
Tags
 
Add a new tag
Caveats
  • Supply blocks, unpowered buildings, or Contaminate may cause inaccurate times.
  • Supply counts are checked every 10 seconds.